 Dungeon Crawl Stone Soup version 0.28.0-47-ge53b351184 (webtiles) character file.

Game seed: 12302348626251658521

4396 101zpm the Magician (level 10, -2/74 HPs)
             Began as a Gnoll Air Elementalist on Apr 25, 2022.
             Was a Believer of Sif Muna.
             Slain by Snorg (18 damage)
             ... on level 10 of the Dungeon.
             The game lasted 00:43:11 (13388 turns).

101zpm the Magician (Gnoll Air Elementalist)       Turns: 13388, Time: 00:43:12

Health: -2/74      AC:  7    Str:  7    XL:     10   Next: 35%
Magic:  24/29      EV: 15    Int: 19    God:    Sif Muna [**....]
Gold:   515        SH:  0    Dex: 13    Spells: 4/23 levels left

rFire   . . .      SeeInvis .   L - +7 spear of Disharmony {vorpal, Will++}
rCold   . . .      Faith    .   (no shield)
rNeg    + . .      Spirit   .   a - +0 robe
rPois   .          Reflect  .   A - +2 hat
rElec   .          Harm     .   z - scarf {shadows}
rCorr   .          Rampage  .   s - +1 pair of gloves
Will    ++...                   f - +0 pair of boots
Stlth   +++.......              g - amulet of regeneration
HPRegen 1.02/turn               u - ring of magical power
MPRegen 0.21/turn               y - ring of positive energy

@: very slightly contaminated, studying Translocations
A: fangs 1, strong nose, distributed training
a: Renounce Religion, Channel Magic


You were on level 10 of the Dungeon.
You worshipped Sif Muna.
Sif Muna was pleased with you.
You visited 2 branches of the dungeon, and saw 11 of its levels.
You also visited: Bailey.

You collected 515 gold pieces.

Inventory:

Hand Weapons
 I - a +5 dagger of freezing
 L - the +7 spear of Disharmony (weapon) {vorpal, Will++}
   (You found it on level 7 of the Dungeon)

   It inflicts extra damage upon your enemies.
   Will:      It greatly increases your willpower.
Missiles
 C - a throwing net
Armour
 a - a +0 robe (worn)
 f - a +0 pair of boots (worn)
 s - a +1 pair of gloves (worn)
 z - a scarf of shadows (worn)
 A - a +2 hat (worn)
 F - a +2 leather armour of willpower
Jewellery
 g - an amulet of regeneration (around neck)
 r - a ring of protection from fire
 u - a ring of magical power (left hand)
 x - a ring of flight
 y - a ring of positive energy (right hand)
Wands
 B - a wand of charming (8)
 M - a wand of mindburst (8)
Scrolls
 b - a scroll of magic mapping {unknown}
 d - 2 scrolls of vulnerability
 e - a scroll of amnesia {unknown}
 h - 3 scrolls of blinking {unknown}
 k - 2 scrolls of teleportation
 p - 4 scrolls of fog
 v - a scroll of enchant armour
 H - 3 scrolls of identify
 K - a scroll of torment {unknown}
Potions
 c - 3 potions of heal wounds
 i - 2 potions of ambrosia {unknown}
 j - 2 potions of might {unknown}
 l - a potion of flight {unknown}
 m - a potion of cancellation {unknown}
 n - 3 potions of invisibility {unknown}
 o - 3 potions of lignification {unknown}
 q - 4 potions of curing
 t - 5 potions of brilliance {unknown}
 w - a potion of berserk rage {unknown}
 D - 3 potions of haste {unknown}
 E - a potion of experience
 G - a potion of attraction {unknown}
 J - a potion of mutation {unknown}


   Skills:
 + Level 5.2 Fighting
 + Level 5.2 Short Blades
 + Level 5.2 Long Blades
 + Level 5.2 Axes
 + Level 5.2 Maces & Flails
 + Level 5.2 Polearms
 + Level 5.2 Staves
 + Level 5.2 Slings
 + Level 5.2 Bows
 + Level 5.2 Crossbows
 + Level 5.2 Throwing
 + Level 5.2 Armour
 + Level 7.0 Dodging
 + Level 6.7 Stealth
 + Level 5.2 Shields
 + Level 5.2 Unarmed Combat
 + Level 7.3 Spellcasting
 + Level 4.8 Conjurations
 + Level 4.3 Hexes
 + Level 4.3 Summonings
 + Level 4.3 Necromancy
 + Level 6.0 Translocations
 + Level 4.3 Transmutations
 + Level 4.3 Fire Magic
 + Level 4.3 Ice Magic
 + Level 7.0 Air Magic
 + Level 4.3 Earth Magic
 + Level 4.3 Poison Magic
 + Level 5.7 Invocations
 + Level 5.2 Evocations


You had 4 spell levels left.
You knew the following spells:

 Your Spells              Type           Power      Damage    Failure   Level
a - Shock                 Conj/Air       100%       1d9       1%          1
b - Static Discharge      Conj/Air       29%        N/A       1%          2
c - Swiftness             Air            33%        N/A       1%          3
d - Airstrike             Air            16%        N/A       5%          4
e - Portal Projectile     Hex/Tloc       52%        N/A       3%          3
f - Blink                 Tloc           58%        N/A       1%          2
g - Inner Flame           Hex/Fire       23%        N/A       4%          3
h - Foxfire               Conj/Fire      96%        2x1d8     1%          1

Your spell library contained the following spells:

 Spells                   Type           Power      Damage    Failure   Level
 Corpse Rot               Necr/Air       56%        N/A       1%          2
 Passwall                 Tmut/Erth      19%        N/A       2%          2
 Conjure Flame            Conj/Fire      24%        6-21      4%          3
 Flame Wave               Conj/Fire      24%        2d7       14%         4
 Manifold Assault         Tloc           29%        N/A       22%         5
 Blade Hands              Tmut           11%        N/A       43%         5
 Excruciating Wounds      Necr           11%        N/A       43%         5
 Storm Form               Tmut/Air       14%        N/A       100%        7


Dungeon Overview and Level Annotations

Branches:
Dungeon (10/15)            Temple (1/1) D:4          Bailey (visited)
   Lair: D:8-11         Orc: D:9-12

Altars:
Ashenzari
Cheibriados
Dithmenos
Elyvilon
Fedhas
Gozag
Hepliaklqana
Kikubaaqudgha
Makhleb
Okawaru
Qazlal
Ru
Sif Muna
Trog
Uskayaw
Vehumet
Wu Jian
Xom
Yredelemnul
Zin
The Shining One

Shops:
D:5 (   D:7 (

Annotations:
D:10 Snorg


Innate Abilities, Weirdness & Mutations

You have very sharp teeth.
Your uncanny sense of smell can sniff out nearby items.
Your experience applies equally to all skills.


Message History

You kill the yak!
Sif Muna accepts your kill.
Your Translocations skill increases to level 6!
HP restored.
Items here: ) ††††.
Things that are here:
a +0 dagger; a +0 robe; an orc corpse You now have 515 gold pieces (gained 15).
Things that are here:
a +0 short sword; a +0 leather armour
Things that are here:
a +0 battleaxe; a +0 plate armour
Found a stone staircase leading down.
You open the door.
There is an open door here.
o - 3 emerald potions (gained 1)
You open the door.
There is an open door here.
You open the door.
There is an open door here.
You open the door.
Snorg the Insatiable comes into view.
Snorg goes berserk!
Casting: Shock (safe; 1% risk of failure)
Confirm with . or Enter, or press ? or * to list all spells.
Aiming: Inner Flame (dangerous; 4% risk of failure)
Press: ? - help, Dir - move target, f - Snorg
Aim: Snorg (berserk, chance to affect: 46%) Snorg resists with some effort.
Casting: Inner Flame (dangerous; 4% risk of failure)
Confirm with . or Enter, or press ? or * to list all spells.
You miscast Swiftness.
You are very lightly contaminated with residual magic.
Nothing appears to happen.
Snorg bites you!! Snorg claws you! Snorg misses you. Snorg barely misses you.
Snorg claws you! Snorg completely misses you.
Snorg rages.
Snorg bites you!!
* * * LOW HITPOINT WARNING * * *
Snorg claws you!!
You die...

########...##'###
.#...............#####
#....###.........'....
#....# #.#.......#####
#.... #.#..##'### ...
#.#..##.####### #'#
#.#..##..)...).
#######.#####>.............
.........T@......##########
#######.######.#.# #......
#.# #.#.# #.##### #.# #.#.#
# #.######.#.# #
#........#.# #
##........#.# #
#.........#.# #
###......##.# #


You could see Snorg (berserk).

Vanquished Creatures
  A hornet (D:7)
  Grinder (D:5)
  Prince Ribbit (D:6)
  A wyvern (D:8)
  5 yaks (D:10)
  An acid dragon (D:8)
  2 sky beasts
  2 ice beasts (D:7)
  7 orc warriors
  3 ogres
  2 centaurs
  Blork the orc (D:5)
  A phantom (D:5)
  A bullfrog (D:6)
  A wyvern zombie (D:8)
  4 killer bees (D:8)
  5 wights
  A howler monkey (D:7)
  A centaur zombie (D:6)
  A bullfrog zombie (D:6)
  2 orc priests
  A hound (D:7)
  2 bullfrog skeletons
  A centaur skeleton (D:7)
  Terence (D:3)
  3 iguanas
  7 orc wizards
  An adder (D:2)
  11 gnolls
  A white imp (D:7)
  2 ufetubi
  A worm (D:2)
  2 dart slugs (D:1)
  22 orcs
  6 bats
  6 endoplasms
  2 giant cockroaches
  11 goblins
  9 hobgoblins
  2 jackals (D:1)
  10 quokkas
  5 ball pythons
  3 frilled lizards
  17 kobolds
  5 rats
175 creatures vanquished.

Vanquished Creatures (others)
  29 foxfires (D:10)
29 creatures vanquished.

Grand Total: 204 creatures vanquished

Notes
Turn   | Place    | Note
-------+----------+-------------------------------------------
     0 | D:1      | 101zpm the Gnoll Air Elementalist began the quest for the
                  | Orb.
     0 | D:1      | Reached XP level 1. HP: 13/13 MP: 6/6
   142 | D:1      | Reached XP level 2. HP: 18/19 MP: 1/7
   500 | D:1      | Reached XP level 3. HP: 25/25 MP: 1/9
   589 | D:1      | Reached skill level 5 in Spellcasting
  1050 | D:2      | Reached skill level 1 in Invocations
  1159 | D:2      | Reached skill level 1 in Fighting
  1159 | D:2      | Reached skill level 1 in Short Blades
  1159 | D:2      | Reached skill level 1 in Long Blades
  1159 | D:2      | Reached skill level 1 in Axes
  1159 | D:2      | Reached skill level 1 in Maces & Flails
  1159 | D:2      | Reached skill level 1 in Polearms
  1159 | D:2      | Reached skill level 1 in Staves
  1159 | D:2      | Reached skill level 1 in Slings
  1159 | D:2      | Reached skill level 1 in Bows
  1159 | D:2      | Reached skill level 1 in Crossbows
  1159 | D:2      | Reached skill level 1 in Throwing
  1159 | D:2      | Reached skill level 1 in Armour
  1159 | D:2      | Reached skill level 1 in Shields
  1159 | D:2      | Reached skill level 1 in Unarmed Combat
  1159 | D:2      | Reached skill level 1 in Evocations
  1186 | D:2      | Reached XP level 4. HP: 32/32 MP: 3/11
  1471 | D:2      | Reached skill level 1 in Hexes
  1471 | D:2      | Reached skill level 1 in Summonings
  1471 | D:2      | Reached skill level 1 in Necromancy
  1471 | D:2      | Reached skill level 1 in Translocations
  1471 | D:2      | Reached skill level 1 in Transmutations
  1471 | D:2      | Reached skill level 1 in Fire Magic
  1471 | D:2      | Reached skill level 1 in Ice Magic
  1471 | D:2      | Reached skill level 1 in Earth Magic
  1471 | D:2      | Reached skill level 1 in Poison Magic
  1543 | D:2      | Found a faded altar of an unknown god.
  2190 | D:3      | Reached XP level 5. HP: 37/37 MP: 9/12
  2381 | D:3      | Found an iron altar of Okawaru.
  2526 | D:3      | Noticed Terence
  2538 | D:3      | Killed Terence
  2865 | D:4      | Found a staircase to the Ecumenical Temple.
  2925 | D:4      | Noticed an ogre
  2953 | Temple   | Entered the Ecumenical Temple
  3166 | Temple   | Became a worshipper of Sif Muna the Loreminder
  3170 | Temple   | Learned a level 2 spell: Static Discharge
  3174 | Temple   | Learned a level 3 spell: Swiftness
  3179 | Temple   | Learned a level 4 spell: Airstrike
  3378 | D:4      | Killed an ogre
  3379 | D:4      | Reached XP level 6. HP: 36/44 MP: 0/13
  3531 | D:5      | Entered Level 5 of the Dungeon
  3864 | D:3      | Reached skill level 5 in Dodging
  4286 | D:4      | Found a basalt altar of Yredelemnul.
  4292 | D:4      | Found a glowing golden altar of the Shining One.
  4294 | D:4      | Noticed an angel
  4362 | D:5      | Reached XP level 7. HP: 50/50 MP: 5/15
  4625 | D:5      | Noticed Grinder
  4659 | D:5      | Killed Grinder
  4767 | D:5      | Found Geucwol's Weapon Boutique.
  4787 | D:5      | Noticed Blork the orc
  4929 | D:5      | Killed Blork the orc
  4930 | D:5      | Reached skill level 5 in Stealth
  5487 | D:6      | Reached XP level 8. HP: 49/57 MP: 5/16
  5844 | D:6      | Found a shadowy altar of Dithmenos.
  5845 | D:6      | Found a burning altar of Makhleb.
  5846 | D:6      | Found a hide-covered altar of Uskayaw.
  5846 | D:6      | Found a shimmering altar of Xom.
  5847 | D:6      | Found a radiant altar of Vehumet.
  5847 | D:6      | Found a glowing silver altar of Zin.
  5847 | D:6      | Found a bloodstained altar of Trog.
  5848 | D:6      | Found a snail-covered altar of Cheibriados.
  6517 | D:6      | Noticed Prince Ribbit
  6627 | D:6      | Killed Prince Ribbit
  6793 | D:6      | Found Fomipp's Antique Weapon Shop.
  7413 | D:7      | Reached XP level 9. HP: 64/65 MP: 1/18
  7458 | D:7      | Noticed a hornet
  8229 | D:3      | Found an iron altar of Okawaru.
  9055 | D:8      | Reached * piety under Sif Muna
  9214 | D:8      | Found a flagged portal.
  9227 | Bailey   | Entered a bailey
  9232 | Bailey   | Learned a level 3 spell: Portal Projectile
  9400 | Bailey   | Noticed an orc warlord
  9410 | Bailey   | Learned a level 2 spell: Blink
  9741 | Bailey   | Found a runed translucent gate.
  9742 | Bailey   | Found a runed translucent gate.
  9743 | Bailey   | Found a runed translucent gate.
 10515 | Bailey   | Got the Grimoire of Unstable Darkness
 11326 | D:8      | Reached skill level 5 in Translocations
 11635 | D:7      | Reached skill level 5 in Invocations
 12421 | D:7      | Killed a hornet
 12422 | D:7      | Reached XP level 10. HP: 73/73 MP: 16/20
 12423 | D:7      | Identified the +7 spear of Disharmony {vorpal, Will++}
 12594 | D:7      | Found Dozilas's Antique Weapon Emporium.
 12951 | D:10     | Entered Level 10 of the Dungeon
 13081 | D:10     | Found an ornate altar of the Wu Jian Council.
 13122 | D:10     | Learned a level 3 spell: Inner Flame
 13124 | D:10     | Learned a level 1 spell: Foxfire
 13221 | D:10     | Reached skill level 5 in Fighting
 13221 | D:10     | Reached skill level 5 in Short Blades
 13221 | D:10     | Reached skill level 5 in Long Blades
 13221 | D:10     | Reached skill level 5 in Axes
 13221 | D:10     | Reached skill level 5 in Maces & Flails
 13221 | D:10     | Reached skill level 5 in Polearms
 13221 | D:10     | Reached skill level 5 in Staves
 13221 | D:10     | Reached skill level 5 in Slings
 13221 | D:10     | Reached skill level 5 in Bows
 13221 | D:10     | Reached skill level 5 in Crossbows
 13221 | D:10     | Reached skill level 5 in Throwing
 13221 | D:10     | Reached skill level 5 in Armour
 13221 | D:10     | Reached skill level 5 in Shields
 13221 | D:10     | Reached skill level 5 in Unarmed Combat
 13221 | D:10     | Reached skill level 5 in Evocations
 13247 | D:10     | Reached ** piety under Sif Muna
 13383 | D:10     | Noticed Snorg
 13388 | D:10     | Slain by Snorg

Illustrated notes

Levels and vault maps discovered:
D:1:      sevenhm_arrival_forest_fort_small_5, layout_basic
D:2:      layout_rooms, ebering_ecumenical_altar_box
D:3:      layout_rooms, marbit_many_paths, kennysheep_potato, uniq_terence
D:4:      layout_cave_pools, grunt_temple_overflow_holy_war,
          minmay_temple_entry_antechambers, minmay_manual_moon
D:5:      layout_rooms, serial_shops, nicolae_lakefront_shop,
          hangedman_decor_push, uniq_grinder, uniq_blork_the_orc
D:6:      layout_loops_corners, grunt_temple_overflow_open, serial_shops,
          nicolae_shop_statue_plus, uniq_prince_ribbit1
D:7:      layout_rooms, serial_glass, glass_columns_b, glass_columns_a,
          nicolae_inconvenience_store
D:8:      layout_basic, enter_bailey_4, interstate_on_off
D:9:      layout_loops_ring
D:10:     layout_basic, mainiacjoe_overflow_24_doors,
          mainiacjoe_overflow_chevrons, uniq_snorg
Temple:   jpeg_temple_island

Skill      XL: |  1  2  3  4  5  6  7  8  9 10 |
---------------+-------------------------------+-----
Conjurations   | 2 3 4 |  4.8
Spellcasting   | 5 6 7 |  7.3
Invocations    | 1 2 3 4 5 |  5.7
Fighting       | 1 2 3 4 5 |  5.2
Short Blades   | 1 2 3 4 5 |  5.2
Long Blades    | 1 2 3 4 5 |  5.2
Axes           | 1 2 3 4 5 |  5.2
Maces & Flails | 1 2 3 4 5 |  5.2
Polearms       | 1 2 3 4 5 |  5.2
Staves         | 1 2 3 4 5 |  5.2
Slings         | 1 2 3 4 5 |  5.2
Bows           | 1 2 3 4 5 |  5.2
Crossbows      | 1 2 3 4 5 |  5.2
Throwing       | 1 2 3 4 5 |  5.2
Armour         | 1 2 3 4 5 |  5.2
Shields        | 1 2 3 4 5 |  5.2
Unarmed Combat | 1 2 3 4 5 |  5.2
Evocations     | 1 2 3 4 5 |  5.2
Hexes          | 1 2 3 4 |  4.3
Summonings     | 1 2 3 4 |  4.3
Necromancy     | 1 2 3 4 |  4.3
Translocations | 1 2 3 4 5 6 |  6.0
Transmutations | 1 2 3 4 |  4.3
Fire Magic     | 1 2 3 4 |  4.3
Ice Magic      | 1 2 3 4 |  4.3
Earth Magic    | 1 2 3 4 |  4.3
Poison Magic   | 1 2 3 4 |  4.3
Dodging        | 5 6 7 |  7.0
Stealth        | 5 6 |  6.7
Air Magic      | 6 7 |  7.0

Action                   |  1- 3 |  4- 6 |  7- 9 | 10-12 || total
-------------------------+-------+-------+-------+-------++-------
Melee: Unarmed           |    18 |    37 |     9 |       ||    64
       Bite              |     3 |     2 |     1 |     1 ||     7
       Punch             |       |     1 |       |     1 ||     2
       Dagger            |       |       |     6 |       ||     6
       Spear             |       |       |       |    12 ||    12
Throw: Throwing net      |       |       |     1 |       ||     1
 Cast: Shock             |    66 |   103 |   126 |    25 ||   320
       Airstrike         |       |    14 |   113 |     4 ||   131
       Swiftness         |       |       |     3 |       ||     3
       Portal Projectile |       |       |     3 |       ||     3
       Blink             |       |       |     1 |       ||     1
       Foxfire           |       |       |       |    16 ||    16
       Inner Flame       |       |       |       |     1 ||     1
  Use: Scroll            |       |       |     4 |       ||     4
Armor: Robe              |     4 |    15 |    17 |     3 ||    39
Dodge: Dodged            |    22 |    67 |    80 |    18 ||   187
